 Dungeon Crawl Stone Soup version 0.24.0-37-gcf1ca852f1 (webtiles) character file.

Game seed: 3682904994194156000, levelgen mode: deterministic

11889 FishyPogo the Thaumaturge (level 11, -10/60 HPs)
             Began as a Gnoll Skald on Nov 24, 2019.
             Was a High Priest of Vehumet.
             Killed from afar by a starcursed mass (11 damage)
             ... with an accursed screaming
             ... while paralysed by accursed screaming
             ... on level 2 of the Abyss.
             The game lasted 01:02:34 (9745 turns).

FishyPogo the Thaumaturge (Gnoll Skald)             Turns: 9745, Time: 01:02:34

Health: -10/60     AC: 18    Str: 15 (16) XL:     11   Next: 84%
Magic:  13/18      EV:  2    Int: 13 (14) God:    Vehumet [*****.]
Gold:   1022       SH:  0    Dex: 15 (16) Spells: 3/26 levels left

rFire    . . .     SeeInvis .   Z - staff of wizardry
rCold    . . .     Gourm    .   v - +1 buckler
rNeg     . . .     Faith    .   O - +6 ring mail "Tyddento" {Str+7}
rPois    +         Spirit   .   R - +0 helmet
rElec    .         Reflect  .   H - +0 cloak
rCorr    .         Harm     .   W - +2 pair of gloves
MR       .....     Clarity  +   (no boots) Stlth ++++......Rnd*Tele +
                                N - amulet of magic regeneration
HPRegen  0.00/turn              U - ring of stealth
MPRegen  0.41/turn              A - ring of poison resistance

@: paralysed
A: distributed training, fangs 1, clarity, [deterioration 2], [dopey 2], frail
1[+2], [low mp 2], [inhibited regeneration], [teleportitis 2], weak 1[+1],
strong nose
a: Renounce Religion


You were on level 2 of the Abyss.
You worshipped Vehumet.
Vehumet was extremely pleased with you.
You were not hungry.

You visited 2 branches of the dungeon, and saw 13 of its levels.
You visited the Abyss 1 time.
You also visited: Sewer.

You collected 1022 gold pieces.

Inventory:

Hand Weapons
 a - a +1 short sword
 b - a +1 scythe of flaming
 G - a +1 scimitar of flaming
 I - a +1 mace of holy wrath
 K - a +4 flail
 T - the +3 rapier "Kijub" {pierce, Dex+4}
   (You found it on level 11 of the Dungeon)

   It inflicts extra damage upon your enemies.
   It affects your dexterity (+4).
 X - a +2 short sword of distortion
Missiles
 k - 7 silver boomerangs
 l - 13 boomerangs
 m - 5 atropa-tipped darts
 o - a throwing net
 r - 8 javelins
 w - 59 poisoned darts (quivered)
Armour
 v - a +1 buckler (worn)
 H - a +0 cloak (worn)
 O - the +6 ring mail "Tyddento" (worn) {Str+7}
   (You found it on level 9 of the Dungeon)

   It affects your strength (+7).
 R - a +0 helmet (worn)
 W - a +2 pair of gloves (worn)
Magical Staves
 V - an uncursed staff of power
 Z - an uncursed staff of wizardry (weapon)
Jewellery
 q - an uncursed ring of protection from cold
 A - a ring of poison resistance (right hand)
 L - an uncursed ring of flight
 N - an amulet of magic regeneration (around neck)
 U - a ring of stealth (left hand)
Wands
 M - a wand of acid (20)
 Y - a wand of flame (11)
Scrolls
 g - 7 scrolls of teleportation
 i - 3 scrolls of amnesia
 n - a scroll of enchant armour
 p - 4 scrolls of enchant weapon
 t - a scroll of fog
 y - 3 scrolls of remove curse
 C - 3 scrolls of fear
 E - 3 scrolls of magic mapping
 F - 5 scrolls of identify
 P - a scroll of vulnerability {unknown}
 Q - a scroll of torment
 S - a scroll of blinking
Potions
 e - a potion of cancellation {unknown}
 f - 8 potions of might
 j - 2 potions of brilliance
 s - 2 potions of agility {unknown}
 u - 4 potions of flight
 x - 2 potions of degeneration {unknown}
 B - 4 potions of curing {unknown}
 D - 2 potions of magic {unknown}
 J - 3 potions of lignification
Comestibles
 d - 22 rations


   Skills:
 + Level 8.1 Fighting
 + Level 8.1 Short Blades
 + Level 6.5 Long Blades
 + Level 6.5 Axes
 + Level 6.5 Maces & Flails
 + Level 6.5 Polearms
 + Level 6.5 Staves
 + Level 6.5 Slings
 + Level 6.5 Bows
 + Level 6.5 Crossbows
 + Level 6.5 Throwing
 + Level 7.1 Armour
 + Level 8.1 Dodging
 + Level 6.5 Stealth
 + Level 6.5 Shields
 + Level 6.5 Unarmed Combat
 + Level 8.3 Spellcasting
 + Level 5.4 Conjurations
 + Level 5.4 Hexes
 + Level 7.8 Charms
 + Level 5.4 Summonings
 + Level 5.4 Necromancy
 + Level 5.4 Translocations
 + Level 5.4 Transmutations
 + Level 5.4 Fire Magic
 + Level 5.4 Ice Magic
 + Level 5.4 Air Magic
 + Level 5.4 Earth Magic
 + Level 5.4 Poison Magic
 + Level 7.2 Invocations
 + Level 6.5 Evocations


You had 3 spell levels left.
You knew the following spells:

 Your Spells              Type           Power        Failure   Level  Hunger
a - Freeze                Ice            ###.         1%          1    None
b - Magic Dart            Conj           ###.         1%          1    None
c - Mephitic Cloud        Conj/Pois/Air  ###.....     1%          3    ##.....
f - Ignite Poison         Fire/Tmut/Pois ###.....     1%          3    ##.....
h - Regeneration          Chrm/Necr      ###.......   1%          3    ##.....
j - Conjure Flame         Conj/Fire      ###.....     1%          3    ##.....
k - Inner Flame           Hex/Fire       ###.....     1%          3    ##.....
n - Spectral Weapon       Hex/Chrm       ###.....     1%          3    ##.....
p - Shroud of Golubria    Chrm/Tloc      ###...       1%          2    None
y - Infusion              Chrm           ####         1%          1    None

Your spell library contained the following spells:

 Spells                   Type           Power        Failure   Level  Hunger
 Lee's Rapid Deconstruct  Erth           ###.......   8%          5    #####..
 Song of Slaying          Chrm           ####....     1%          2    None
 Throw Frost              Conj/Ice       ###...       1%          2    None
 Ozocubu's Armour         Chrm/Ice       ###.....     1%          3    ##.....
 Gell's Gravitas          Tloc           ###.......   3%          3    ##.....
 Portal Projectile        Hex/Tloc       ###...       3%          3    ##.....
 Recall                   Summ/Tloc      N/A          3%          3    ##.....
 Throw Icicle             Conj/Ice       ###.....     3%          4    ####...
 Summon Ice Beast         Ice/Summ       ###.....     11%         4    ####...
 Disjunction              Tloc           ###.......   100%        8    #######


Dungeon Overview and Level Annotations

Branches:
Dungeon (12/15)            Temple (0/1) D:4            Lair (1/6) D:11
    Orc (0/2) D:11          Sewer (visited)

Altars:
Cheibriados
Elyvilon
Makhleb
Nemelex Xobeh
Okawaru
Vehumet
Wu Jian

Shops:
D:10 [

Annotations:
D:3 1 runed translucent door, jaiteiro's ghost, amateur MiFi


Innate Abilities, Weirdness & Mutations

Your experience applies equally to all skills.
You have very sharp teeth.
Your uncanny sense of smell can sniff out nearby items.
You possess an exceptional clarity of mind.
[Your body often deteriorates upon taking damage.]
[You are very dopey. (Int -4)]
[You are extremely frail. (-30% HP)]
[Your magical capacity is very low. (-20% MP)]
[You do not regenerate when monsters are visible.]
[You are sometimes teleported next to monsters.]
[You are very weak. (Str -4)]


Message History

You hear a chilling moan. x2; You hear a screech!
A deafening chorus of shrieks assaults your mind!
* * * LOW HITPOINT WARNING * * *
The starcursed mass engulfs you.
* * * LOW HITPOINT WARNING * * *
Unknown command.
A starcursed mass splits.
Casting: Mephitic Cloud (safe; 1% risk of failure)
Confirm with . or Enter, or press ? or * to list all spells.
You ignite the poison in your surroundings!
A cacophony of accursed wailing tears at your sanity!
* * * LOW HITPOINT WARNING * * *
You suddenly lose the ability to move!
The starcursed mass is engulfed in blazing flames.
The starcursed mass engulfs you.
* * * LOW HITPOINT WARNING * * *
The starcursed mass shudders and is absorbed by its neighbour.
The starcursed mass engulfs you but does no damage.
A deafening chorus of shrieks assaults your mind!
You die...

∆ .......
#......
..##.....
.#...3..#######
..#.*..#.....#
. ....#@☼≈..#
..##'#○X...#
#.#..XX○...#
.#.XXX....# .
##+....#...# .
#.#........# .
#.#........# ..
#.#........# ..
#. #........#


You could see 6 starcursed masses.

Vanquished Creatures
  A two-headed ogre (D:10)
  A cyclops (D:9)
  A komodo dragon (D:12)
  An efreet (D:12)
  2 kobold demonologists (D:12)
  2 hippogriffs
  2 trolls
  Sigmund (D:2)
  A wyvern (D:9)
  19 yaks
  2 hungry ghosts
  A porcupine (Lair:1)
  2 water moccasins
  2 orc warriors
  A sky beast (D:9)
  2 ice beasts
  A black bear (D:9)
  A necrophage (D:11)
  A phantom (D:8)
  11 ogres
  2 wolves (D:11)
  2 crocodiles
  7 big kobolds
  A bullfrog (D:9)
  A water moccasin skeleton (D:5)
  2 scorpions
  3 wights (D:8)
  3 electric eels (D:11)
  5 howler monkeys
  A centaur zombie (D:11)
  6 crimson imps
  2 jellies
  4 centaur skeletons
  5 orc priests
  10 hounds
  5 orc wizards
  Jessica (D:2)
  Natasha (thrice) (D:4)
  A bullfrog skeleton (D:6)
  Terence (D:2)
  10 worker ants
  2 worker ant zombies
  12 adders
  2 river rats (Sewer)
  A shadow imp (D:8)
  An ooze (D:3)
  8 worms
  A dart slug (D:4)
  7 leopard geckos
  48 orcs
  11 giant cockroaches
  5 goblins (D:1)
  A hobgoblin (D:1)
  8 jackals
  11 kobolds
  2 quokkas
  7 ball pythons
  8 bats
  2 frilled lizards
  A jackal skeleton (D:4)
  20 rats
  2 spectral weapons
290 creatures vanquished.

Vanquished Creatures (collateral kills)
  An ophan (Abyss:2)
  A smoke demon (Abyss:2)
  A neqoxec (Abyss:2)
  A leopard gecko (D:6)
4 creatures vanquished.

Vanquished Creatures (others)
  Sonja (D:11)
  A hungry ghost (D:11)
  A lurking horror (Abyss:2)
  2 spectral weapons
5 creatures vanquished.

Grand Total: 299 creatures vanquished

Notes
Turn   | Place    | Note
-------+----------+-------------------------------------------
     0 | D:1      | FishyPogo the Gnoll Skald began the quest for the Orb.
     0 | D:1      | Reached XP level 1. HP: 20/20 MP: 6/6
   153 | D:1      | Reached XP level 2. HP: 26/26 MP: 7/7
   309 | D:1      | You fall into a shaft and drop 1 floor!
   375 | D:2      | Reached XP level 3. HP: 30/31 MP: 5/9
   460 | D:2      | Reached skill level 5 in Spellcasting
   485 | D:2      | Found a faded altar of an unknown god.
   490 | D:2      | Became a worshipper of Vehumet
   490 | D:2      | Reached * piety under Vehumet
   490 | D:2      | Offered knowledge of Freeze by Vehumet.
   493 | D:2      | Learned a level 1 spell: Freeze
  1470 | D:2      | Noticed Sigmund
  1563 | D:2      | Noticed Terence
  1571 | D:2      | Noticed Jessica
  1592 | D:2      | Killed Terence
  1592 | D:2      | Reached skill level 1 in Long Blades
  1592 | D:2      | Reached skill level 1 in Axes
  1592 | D:2      | Reached skill level 1 in Maces & Flails
  1592 | D:2      | Reached skill level 1 in Polearms
  1592 | D:2      | Reached skill level 1 in Staves
  1592 | D:2      | Reached skill level 1 in Slings
  1592 | D:2      | Reached skill level 1 in Bows
  1592 | D:2      | Reached skill level 1 in Crossbows
  1592 | D:2      | Reached skill level 1 in Throwing
  1592 | D:2      | Reached skill level 1 in Stealth
  1592 | D:2      | Reached skill level 1 in Shields
  1592 | D:2      | Reached skill level 1 in Unarmed Combat
  1592 | D:2      | Reached skill level 1 in Invocations
  1592 | D:2      | Reached skill level 1 in Evocations
  1592 | D:2      | Reached XP level 4. HP: 33/38 MP: 1/11
  1609 | D:2      | Killed Jessica
  1642 | D:2      | Killed Sigmund
  1642 | D:2      | Reached skill level 1 in Conjurations
  1642 | D:2      | Reached skill level 1 in Hexes
  1642 | D:2      | Reached skill level 1 in Summonings
  1642 | D:2      | Reached skill level 1 in Necromancy
  1642 | D:2      | Reached skill level 1 in Translocations
  1642 | D:2      | Reached skill level 1 in Transmutations
  1642 | D:2      | Reached skill level 1 in Fire Magic
  1642 | D:2      | Reached skill level 1 in Ice Magic
  1642 | D:2      | Reached skill level 1 in Air Magic
  1642 | D:2      | Reached skill level 1 in Earth Magic
  1642 | D:2      | Reached skill level 1 in Poison Magic
  1642 | D:2      | Reached XP level 5. HP: 15/43 MP: 7/12
  1642 | D:2      | Reached XP level 6. HP: 18/50 MP: 7/13
  1959 | D:3      | Found a runed translucent door.
  1976 | D:3      | Learned a level 3 spell: Spectral Weapon
  1978 | D:3      | Noticed jaiteiro's ghost (amateur MiFi)
  2144 | D:3      | Found a sparkling altar of Nemelex Xobeh.
  2171 | D:3      | Offered knowledge of Magic Dart by Vehumet.
  2173 | D:3      | Reached ** piety under Vehumet
  2509 | D:3      | Reached skill level 5 in Fighting
  2509 | D:3      | Reached skill level 5 in Short Blades
  2509 | D:3      | Reached skill level 5 in Dodging
  2511 | D:3      | Found a burning altar of Makhleb.
  2579 | D:3      | Learned a level 1 spell: Magic Dart
  2634 | D:4      | Noticed Natasha
  2641 | D:4      | Killed Natasha
  2649 | D:4      | Noticed Natasha
  2652 | D:4      | Killed Natasha
  2671 | D:4      | Noticed Natasha
  2680 | D:4      | Killed Natasha
  2709 | D:4      | Found a staircase to the Ecumenical Temple.
  2764 | D:4      | Reached XP level 7. HP: 55/56 MP: 15/15
  2936 | D:4      | Found a burning altar of Makhleb.
  3102 | D:4      | Found a glowing drain.
  3106 | Sewer    | Entered a sewer
  3111 | Sewer    | Learned a level 2 spell: Song of Slaying
  3115 | Sewer    | Learned a level 3 spell: Regeneration
  3259 | Sewer    | Learned a level 2 spell: Shroud of Golubria
  3430 | Sewer    | Offered knowledge of Mephitic Cloud by Vehumet.
  3448 | Sewer    | Learned a level 3 spell: Mephitic Cloud
  3532 | Sewer    | Reached XP level 8. HP: 13/63 MP: 16/16
  3853 | D:4      | Reached *** piety under Vehumet
  3946 | D:5      | Entered Level 5 of the Dungeon
  4159 | D:5      | Found a snail-covered altar of Cheibriados.
  4758 | D:6      | Found an ornate altar of the Wu Jian Council.
  4967 | D:6      | Found an iron altar of Okawaru.
  5055 | D:6      | Offered knowledge of Conjure Flame by Vehumet.
  5060 | D:6      | Learned a level 3 spell: Conjure Flame
  5119 | D:7      | Noticed a hippogriff
  5123 | D:7      | Killed a hippogriff
  5123 | D:7      | Reached XP level 9. HP: 50/69 MP: 9/18
  5502 | D:7      | Reached **** piety under Vehumet
  5502 | D:7      | Reached skill level 5 in Armour
  5550 | D:7      | Identified Ysestarch's Volume of the Cankerous Voyage
  5646 | D:7      | Found a white marble altar of Elyvilon.
  6157 | D:8      | Reached skill level 5 in Invocations
  6220 | D:8      | Offered knowledge of Inner Flame by Vehumet.
  6797 | D:9      | Reached XP level 10. HP: 40/77 MP: 20/20
  6897 | D:9      | Learned a level 3 spell: Ignite Poison
  6901 | D:9      | Learned a level 3 spell: Inner Flame
  6923 | D:9      | Found a sparkling altar of Nemelex Xobeh.
  6969 | D:9      | Got a faintly glowing ring mail
  6982 | D:9      | Identified the +6 ring mail "Tyddento" {Str+7} (You found
                  | it on level 9 of the Dungeon)
  7230 | D:9      | Reached skill level 5 in Long Blades
  7230 | D:9      | Reached skill level 5 in Axes
  7230 | D:9      | Reached skill level 5 in Maces & Flails
  7230 | D:9      | Reached skill level 5 in Polearms
  7230 | D:9      | Reached skill level 5 in Staves
  7230 | D:9      | Reached skill level 5 in Slings
  7230 | D:9      | Reached skill level 5 in Bows
  7230 | D:9      | Reached skill level 5 in Crossbows
  7230 | D:9      | Reached skill level 5 in Throwing
  7230 | D:9      | Reached skill level 5 in Stealth
  7230 | D:9      | Reached skill level 5 in Shields
  7230 | D:9      | Reached skill level 5 in Unarmed Combat
  7230 | D:9      | Reached skill level 5 in Evocations
  7238 | D:9      | Noticed a cyclops
  7282 | D:9      | Killed a cyclops
  7493 | D:10     | Entered Level 10 of the Dungeon
  7767 | D:10     | Noticed a two-headed ogre
  7773 | D:10     | Killed a two-headed ogre
  7961 | D:10     | Reached XP level 11. HP: 84/84 MP: 20/22
  8014 | D:10     | Found Uwig's Armour Emporium.
  8068 | D:11     | Killed Sonja
  8106 | D:11     | Reached ***** piety under Vehumet
  8109 | D:11     | Offered knowledge of Lee's Rapid Deconstruction by Vehumet.
  8121 | D:11     | Found a staircase to the Lair.
  8145 | D:11     | Got a twisted rapier
  8319 | D:11     | Identified the cursed +3 rapier "Kijub" {pierce, Dex+4}
                  | (You found it on level 11 of the Dungeon)
  8485 | D:11     | Reached skill level 5 in Conjurations
  8485 | D:11     | Reached skill level 5 in Hexes
  8485 | D:11     | Reached skill level 5 in Summonings
  8485 | D:11     | Reached skill level 5 in Necromancy
  8485 | D:11     | Reached skill level 5 in Translocations
  8485 | D:11     | Reached skill level 5 in Transmutations
  8485 | D:11     | Reached skill level 5 in Fire Magic
  8485 | D:11     | Reached skill level 5 in Ice Magic
  8485 | D:11     | Reached skill level 5 in Air Magic
  8485 | D:11     | Reached skill level 5 in Earth Magic
  8485 | D:11     | Reached skill level 5 in Poison Magic
  8559 | D:11     | Found a staircase to the Orcish Mines.
  9510 | Lair:1   | Entered Level 1 of the Lair of Beasts
  9639 | Lair:1   | Cast into level 2 of the Abyss (a distortion unwield)
  9639 | Abyss:2  | Found a corrupted altar of Lugonu.
  9672 | Abyss:2  | Noticed an ophan
  9676 | Abyss:2  | Killed an ophan
  9688 | Abyss:2  | Gained mutation: [You are weak. (Str -2)] [a neqoxec]
  9691 | Abyss:2  | Gained mutation: [You are frail. (-10% HP)] [a neqoxec]
  9692 | Abyss:2  | Noticed a starcursed mass
  9693 | Abyss:2  | Noticed a wretched star
  9693 | Abyss:2  | Gained mutation: You possess an exceptional clarity of
                  | mind. [a neqoxec]
  9733 | Abyss:2  | Noticed a starcursed mass
  9739 | Abyss:2  | Noticed a wretched star
  9744 | Abyss:2  | Paralysed by accursed screaming for 2 turns
  9744 | Abyss:2  | HP: 1/60 [starcursed mass (4)]
  9745 | Abyss:2  | Killed from afar by a starcursed mass

Levels and vault maps discovered:
D:1:      kilobyte_arrival_exit_the_forest, layout_basic, minmay_tall_x
D:2:      minmay_general_purpose_star, layout_loops_ring,
          chequers_ecumenical_altar_grove, uniq_jessica, uniq_sigmund,
          uniq_terence
D:3:      layout_loops_ring, nemelex_xobeh_ov_fountains_minmay,
          marbit_many_paths, ebering_ghost_sewer_d, first_ration
D:4:      layout_loops_ring, minmay_temple_entry_steel_oval,
          gup_sewer_entry_spiral, st_stairs_7, chequers_serial_rivers_micro_e,
          bloody_makhleb, uniq_natasha
D:5:      layout_basic, cheibriados_altar_1
D:6:      layout_rooms, basic_altar, okawaru_ov_weapons_minmay
D:7:      layout_loops_corners, elyvilon_altar_3, grunt_ogre_cave
D:8:      layout_basic
D:9:      layout_irregular_city, nemelex_lonely_heart_becter
D:10:     layout_roguey, serial_shops, kennysheep_mini
D:11:     layout_stronghold, erik_lair_island, hiddenorc1_lemuel, minivault_25,
          skrybe_limestone_x, minivault_24, lemuel_flamethrower_hall, uniq_sonja
D:12:     layout_basic
Lair:1:   layout_chaotic_city, serial_bayou_ford_a
Abyss:2:  base: D:14, evilmike_abyss_exit_15

Skill      XL: |  1  2  3  4  5  6  7  8  9 10 11 |
---------------+----------------------------------+-----
Spellcasting   | 5 6 7 8 |  8.3
Long Blades    | 1 2 3 4 5 6 |  6.5
Axes           | 1 2 3 4 5 6 |  6.5
Maces & Flails | 1 2 3 4 5 6 |  6.5
Polearms       | 1 2 3 4 5 6 |  6.5
Staves         | 1 2 3 4 5 6 |  6.5
Slings         | 1 2 3 4 5 6 |  6.5
Bows           | 1 2 3 4 5 6 |  6.5
Crossbows      | 1 2 3 4 5 6 |  6.5
Throwing       | 1 2 3 4 5 6 |  6.5
Stealth        | 1 2 3 4 5 6 |  6.5
Shields        | 1 2 3 4 5 6 |  6.5
Unarmed Combat | 1 2 3 4 5 6 |  6.5
Invocations    | 1 2 3 4 5 6 7 |  7.2
Evocations     | 1 2 3 4 5 6 |  6.5
Armour         | 3 4 5 6 7 |  7.1
Conjurations   | 1 2 3 4 5 |  5.4
Hexes          | 1 2 3 4 5 |  5.4
Summonings     | 1 2 3 4 5 |  5.4
Necromancy     | 1 2 3 4 5 |  5.4
Translocations | 1 2 3 4 5 |  5.4
Transmutations | 1 2 3 4 5 |  5.4
Fire Magic     | 1 2 3 4 5 |  5.4
Ice Magic      | 1 2 3 4 5 |  5.4
Air Magic      | 1 2 3 4 5 |  5.4
Earth Magic    | 1 2 3 4 5 |  5.4
Poison Magic   | 1 2 3 4 5 |  5.4
Fighting       | 5 6 7 8 |  8.1
Short Blades   | 5 6 7 8 |  8.1
Dodging        | 5 6 7 8 |  8.1
Charms         | 6 7 |  7.8

Action                   |  1- 3 |  4- 6 |  7- 9 | 10-12 || total
-------------------------+-------+-------+-------+-------++-------
Melee: Short sword       |   112 |    19 |     3 |     4 ||   138
       Bite              |     8 |     8 |    22 |    20 ||    58
       Scythe            |       |    84 |   245 |    95 ||   424
       Rapier            |       |       |       |    63 ||    63
       Mace              |       |       |       |     4 ||     4
       Punch             |       |       |       |     3 ||     3
Throw: Stone             |       |       |    41 |       ||    41
       Dart              |       |       |    13 |     5 ||    18
 Cast: Infusion          |     3 |     4 |    10 |     4 ||    21
       Freeze            |     1 |       |       |     3 ||     4
       Spectral Weapon   |       |     6 |    49 |    25 ||    80
       Song of Slaying   |       |       |     2 |       ||     2
       Regeneration      |       |       |     6 |    11 ||    17
       Shroud of Golubri |       |       |     4 |     5 ||     9
       Magic Dart        |       |       |    17 |    30 ||    47
       Mephitic Cloud    |       |       |     4 |    37 ||    41
       Conjure Flame     |       |       |     1 |     1 ||     2
       Ignite Poison     |       |       |       |    13 ||    13
  Use: Scroll            |     9 |       |     5 |     4 ||    18
       Potion            |       |     3 |     1 |     4 ||     8
 Stab: Sleeping          |     2 |     3 |     7 |     8 ||    20
       Invisible         |       |     4 |       |       ||     4
       Distracted        |       |       |     1 |     1 ||     2
       Confused          |       |       |       |     6 ||     6
  Eat: Chunk             |     2 |     5 |    24 |     7 ||    38
Armor: Leather armour    |    26 |       |       |       ||    26
       Ring mail         |    10 |    56 |    73 |    66 ||   205
       Skin              |       |    21 |       |       ||    21
Dodge: Dodged            |    62 |   119 |   160 |   151 ||   492
Block: Buckler           |     3 |     4 |       |     3 ||    10
